AoeStats
← enyaar

MegaRandom

509449920Analyzed
2v2 RM · 6d ago on Sep 26, 2026· 47m 29s· 4 players
Game mode
Random Map
Map size
Medium (4 player)
Population
200
Speed
Normal
Resources
Standard
Victory
Conquest
Starting age
Dark Age
Ending age
Imperial Age
RankedLock teamsTeams togetherTeam positionsShared explorationLock speedFull tech treeHidden civsTurbo modeCheats
Victory
Defeat
🇩🇪 Vietnamese · Germany
1258
+11
🇩🇪 Huns · Germany
1152
+16
🇦🇹 Varangians · Austria
1155
-14
🇦🇹 Chinese · Austria
1130
-13
enyaar
5:23 Loom
10:33 Feudal Age
11:15 Double-Bit Axe
21:19 Castle Age
25:27 Fletching
25:38 Padded Archer Armor
25:00 Crossbowman
25:46 Thumb Ring
25:39 Town Watch
32:03 Wheelbarrow
32:56 Bodkin Arrow
33:16 Leather Archer Armor
36:48 Imperial Age
37:11 Leather Archer Armor
38:21 Bracer
40:53 Ring Archer Armor
40:30 Thumb Ring
39:46 Arbalester
43:28 Elite Rattan Archer
45:38 Ballistics
46:19 Chemistry
Dr Longi
7:15 Loom
9:44 Feudal Age
14:32 Double-Bit Axe
15:44 Fletching
20:50 Castle Age
18:43 Horse Collar
20:58 Bloodlines
20:55 Scale Barding Armor
21:01 Gold Mining
21:57 Medium Warships
22:20 Bow Saw
23:08 Bodkin Arrow
28:16 Forging
29:24 Heavy Plow
30:26 Chain Barding Armor
31:05 Husbandry
35:17 Wheelbarrow
35:18 Iron Casting
34:52 Town Watch
42:13 Imperial Age
42:47 Cavalier
44:40 Plate Barding Armor
45:06 Blast Furnace
46:31 Paladin
46:34 Light Cavalry
47:16 Bracer
IsiBee
7:13 Loom
12:24 Feudal Age
17:13 Wheelbarrow
16:59 Fishing Lines
17:30 Forging
19:39 Castle Age
17:45 Double-Bit Axe
20:56 Medium Warships
20:39 Gillnets
21:23 Bow Saw
22:51 Iron Casting
22:19 Gold Mining
23:14 Scale Barding Armor
26:19 Fletching
27:55 Bloodlines
27:46 Husbandry
31:25 Hand Cart
34:23 Chain Barding Armor
38:05 Bodkin Arrow
38:47 Scale Mail Armor
39:14 Masonry
39:00 Murder Holes
39:26 Ballistics
40:17 Chain Mail Armor
45:14 Imperial Age
45:17 Cavalier
46:33 Plate Barding Armor
47:26 Blast Furnace
46:55 Conscription
hoogro
0:30 Loom
10:34 Feudal Age
11:22 Double-Bit Axe
15:59 Fletching
23:47 Castle Age
21:32 Horse Collar
21:45 Gold Mining
23:50 Crossbowman
24:35 Thumb Ring
24:42 Bodkin Arrow
24:48 Padded Archer Armor
28:11 Leather Archer Armor
29:51 Bow Saw
30:57 Heavy Plow
32:04 Wheelbarrow
36:46 Imperial Age
37:53 Conscription
41:48 Elite Skirmisher
46:28 Wheelbarrow
Connection lost

Rejoining the realm…

Still unreachable

The connection could not be restored.

Session expired

The server has moved on; the page needs a fresh start.